 Dungeon Crawl Stone Soup version 0.31-a0-841-g038b102fc3 (webtiles) character file.

Game seed: 2303741587729182767

3443 CraigForest the Cutter (level 10, -10/59 HPs)
             Began as a Tengu Gladiator on Sept 27, 2023.
             Mangled by an orc knight
             ... wielding a +0 glaive
              (26 damage)
             ... in a bailey.
             The game lasted 00:28:41 (5820 turns).

CraigForest the Cutter (Tengu Gladiator)            Turns: 5820, Time: 00:28:42

Health: -10/59     AC: 13    Str: 14    XL:     10   Next: 5%
Magic:  0/11       EV: 25    Int:  8    God:
Gold:   153        SH:  6    Dex: 21    Spells: 9/9 levels left

rFire   . . .        l - +4 dagger (freeze)
rCold   . . .        x - +0 buckler
rNeg    . . .        F - +1 plate armour {rPois}
rPois   +            c - +0 hat
rElec   .            (no cloak)
rCorr   .            (no gloves)
SInv    .            (boots unavailable)
Will    .....        w - amulet of guardian spirit Stlth
                     K - +4 ring of slaying
HPRegen 1.09/turn    (no ring)
MPRegen 0.12/turn

%: acrobat, guardian spirit
@: mighty, acrobatic, flying
A: beak, talons 3, evasive flight, acrobatic, regeneration 1, screaming 1
a: no special abilities


You were in a bailey.
You visited 1 branch of the dungeon, and saw 7 of its levels.
You also visited: Bailey.

You collected 537 gold pieces.
You spent 384 gold pieces at shops.

Inventory:

Hand Weapons
 a - a +0 long sword
 f - a +2 whip of electrocution
 l - a +4 dagger of freezing (weapon)
 N - a +0 lajatang
Missiles
 d - 4 throwing nets
 e - 7 boomerangs
 h - a javelin
 L - 2 curare-tipped darts
Armour
 c - a +0 hat (worn)
 x - a +0 buckler (worn)
 F - a +1 plate armour of poison resistance (worn)
 H - a +1 ring mail of cold resistance
Jewellery
 w - an amulet of guardian spirit (around neck)
 K - a +4 ring of slaying (left hand)
Talismans
 n - a flux talisman
 p - a serpent talisman
 C - a granite talisman
Wands
 A - a wand of light (8) (quivered)
 G - a wand of paralysis (10)
Scrolls
 b - a scroll of amnesia
 m - 7 scrolls of teleportation
 o - a scroll of revelation {unknown}
 q - a scroll of poison
 s - a scroll of enchant armour
 y - 2 scrolls of immolation
 z - a scroll of blinking
 B - 2 scrolls of vulnerability
 J - a scroll of silence {unknown}
 M - a scroll of torment {unknown}
Potions
 g - 2 potions of attraction
 i - a potion of might
 j - 2 potions of resistance {unknown}
 k - 5 potions of curing
 r - a potion of degeneration
 t - 2 potions of cancellation
 u - 2 potions of mutation
 v - a potion of enlightenment {unknown}
 D - 5 potions of heal wounds
 E - 2 potions of haste {unknown}
 I - a potion of berserk rage {unknown}
 O - a potion of invisibility {unknown}


   Skills:
 + Level 5.3 Fighting
 + Level 7.6(8.4) Short Blades
 + Level 5.1(7.1) Long Blades
 + Level 2.3 Throwing
 + Level 6.4 Armour
 + Level 6.0 Dodging
 + Level 4.6 Stealth
 + Level 4.6 Shields
 + Level 1.2 Evocations


You had 9 spell levels left.
You didn't know any spells.
Your spell library was empty.

Dungeon Overview and Level Annotations

Branches:
Dungeon (7/15)             Bailey (1/1)
 Temple: D:4-7

Altars:
Makhleb

Shops:
D:2 [

Annotations:
D:7 1 transporter, mandarbmax's ghost, novice DrMo


Innate Abilities, Weirdness & Mutations

You have a beak for a mouth.
You have claws for feet.
Your magical flight helps you evade attacks. (EV +4)
You can magically evade attacks while moving or waiting.
Your natural rate of healing is unusually fast.
You occasionally shout uncontrollably at your foes.


Message History

Found 2 scrolls of enchant armour and a scroll of enchant weapon. 2 orc knights come into view.
Found a gate leading back out of this place.
The orc knight shouts!
The orc knight roars a battlecry!
The orc knight goes into a battle-frenzy!
The orc knight grunts repeatedly.
The orc knight roars a battlecry!
The orc knight goes into a battle-frenzy!
There is a huge open gate here.
You feel a little less mighty now.
The orc knight roars a battlecry!
The orc knight goes into a battle-frenzy!
There is an open gate here.
The orc knight no longer looks unusually strong.
The orc knight roars a battlecry!
The orc knight goes into a battle-frenzy!
Aiming: Bolt of Light
Press: ? - help, Q - select action, (/) - cycle Shift-Dir - straight line, f - orc knight
Aim: an orc knight, wielding a +0 glaive and wearing a +0 scale mail (strong, 64% to hit)
The bolt of light hits the orc knight!
The orc knight is moderately wounded.
The orc knight is blinded.
The orc knight completely misses you.
Aiming: Bolt of Light
Press: ? - help, Q - select action, (/) - cycle Shift-Dir - straight line, f/p - orc knight
Aim: an orc knight, wielding a +0 glaive and wearing a +0 scale mail (lightly wounded, strong, blind, 64% to hit)
The bolt of light hits the orc knight!
The orc knight is moderately wounded.
The orc knight is blinded.
The bolt of light hits the orc knight!
The orc knight is moderately wounded.
You block the orc knight's attack.
You feel very mighty all of a sudden.
The orc knight is no longer blind.
The orc knight hits you from afar with a +0 glaive!!
The orc knight hits you from afar with a +0 halberd!!
* * * LOW HITPOINT WARNING * * *
The orc knight attacks as it pursues you!
The orc knight hits you from afar with a +0 glaive!!
You die...

### ####### ####### ##
..###.....#########.....## ##.
...'.......#.....#.......######..
...'....#..'.....'...##).#....#).
...'.......'.o...)....8.)'...))).
...'....#).'..o.@)..)##))#....#..
...'.......#.....#.).).).######..
..###.....#########...).## ##.
### ####### ####### ##


You could see 2 orc knights.

Vanquished Creatures
  2 orc knights (Bailey)
  A yak (D:5)
  A steam dragon (D:7)
  Menkaure (D:5)
  Duvessa (D:7)
  A black bear (D:4)
  7 orc warriors
  2 ogres
  A bullfrog (D:7)
  A scorpion (D:5)
  Dowan (D:7)
  A howler monkey (D:6)
  3 jellies
  An orc priest (D:7)
  A gnoll bouda (D:5)
  4 hounds (D:5)
  A sleepcap (D:6)
  3 iguanas
  3 orc wizards
  11 adders
  16 gnolls
  3 white imps
  An ufetubus (D:4)
  6 worms
  3 dart slugs
  66 orcs
  7 ball pythons
  7 bats
  6 endoplasms
  4 giant cockroaches
  11 goblins
  4 hobgoblins
  17 jackals
  8 kobolds
  2 quokkas
  3 frilled lizards
  2 rats
213 creatures vanquished.

Notes
Turn   | Place    | Note
-------+----------+-------------------------------------------
     0 | D:1      | CraigForest the Tengu Gladiator began the quest for the
                  | Orb.
     0 | D:1      | Reached XP level 1. HP: 12/12 MP: 2/2
   104 | D:1      | Reached XP level 2. HP: 15/17 MP: 3/3
   219 | D:1      | Reached XP level 3. HP: 21/21 MP: 4/4
  1031 | D:2      | Reached skill level 1 in Armour
  1031 | D:2      | Reached XP level 4. HP: 26/27 MP: 5/5
  1215 | D:2      | Gained mutation: Your natural rate of healing is unusually
                  | fast. [potion of mutation]
  1215 | D:2      | Gained mutation: You occasionally shout uncontrollably at
                  | your foes. [potion of mutation]
  1340 | D:2      | Found a faded altar of an unknown god.
  1509 | D:2      | Found Ydishus's Armour Shop.
  1740 | D:3      | HP: 1/27 [orc/+2 flail of protection (8)]
  1822 | D:3      | Reached XP level 5. HP: 22/31 MP: 6/6
  2380 | D:3      | Found a burning altar of Makhleb.
  2490 | D:4      | Noticed a black bear
  2497 | D:4      | Killed a black bear
  2498 | D:4      | Reached skill level 1 in Short Blades
  2498 | D:4      | Reached skill level 5 in Long Blades
  2498 | D:4      | Reached skill level 1 in Stealth
  2498 | D:4      | Reached XP level 6. HP: 33/36 MP: 7/7
  3254 | D:5      | Entered Level 5 of the Dungeon
  3274 | D:5      | Reached skill level 2 in Short Blades
  3353 | D:5      | Gained mutation: Your magical flight helps you evade
                  | attacks. (EV +4) [Tengu growth]
  3353 | D:5      | Reached XP level 7. HP: 37/40 MP: 6/8
  3481 | D:5      | Reached skill level 3 in Short Blades
  3528 | D:5      | Noticed a yak
  3536 | D:5      | Killed a yak
  3537 | D:5      | Reached skill level 1 in Shields
  3537 | D:5      | Reached XP level 8. HP: 41/46 MP: 6/9
  3574 | D:5      | Reached skill level 5 in Dodging
  3686 | D:5      | Reached skill level 4 in Short Blades
  3925 | D:2      | Bought a +1 plate armour of poison resistance for 384 gold
                  | pieces
  4161 | D:5      | Noticed Menkaure
  4166 | D:5      | Killed Menkaure
  4822 | D:6      | Reached skill level 5 in Short Blades
  5237 | D:7      | Reached skill level 6 in Short Blades
  5237 | D:7      | Reached XP level 9. HP: 43/52 MP: 5/10
  5421 | D:7      | Noticed Dowan
  5422 | D:7      | Noticed Duvessa
  5426 | D:7      | Killed Duvessa
  5428 | D:7      | Found a transporter.
  5430 | D:7      | Killed Dowan
  5444 | D:7      | Noticed mandarbmax's ghost (novice DrMo)
  5444 | D:7      | Noticed a troll
  5470 | D:7      | Found a flagged portal.
  5486 | Bailey   | Entered a bailey
  5525 | Bailey   | Reached skill level 5 in Armour
  5665 | Bailey   | Noticed an orc knight
  5709 | Bailey   | Killed an orc knight
  5710 | Bailey   | Reached skill level 5 in Fighting
  5710 | Bailey   | Reached skill level 7 in Short Blades
  5710 | Bailey   | Reached skill level 1 in Evocations
  5737 | Bailey   | Noticed an orc knight
  5769 | Bailey   | Killed an orc knight
  5770 | Bailey   | Reached XP level 10. HP: 23/59 MP: 2/11
  5793 | Bailey   | Noticed an orc knight
  5793 | Bailey   | Noticed an orc knight
  5820 | Bailey   | Mangled by an orc knight

Illustrated notes

Levels and vault maps discovered:
D:1:      ebering_trefoil_twist, layout_loops_cross, serial_park_tiny_2,
          minmay_tetromino_t4
D:2:      layout_loops_ring, serial_shops, nicolae_shop_tiny_waterfront,
          hellmonk_ecumenical_altar_inner_sanctum, minmay_tall_x
D:3:      layout_loops_ring, lightli_temple_of_fire
D:4:      layout_gridville, fountainhead, serial_park_tiny_pond
D:5:      lemuel_castle_with_subvaults [lemuel_castle_interior_original],
          layout_loops_ring, uniq_menkaure
D:6:      layout_cave_pools, nicolae_the_louvre
D:7:      layout_basic, mainiacjoe_overflow_big_doors,
          minmay_temple_entry_butterflies, nzn_ghost_randoct, enter_bailey_5,
          uniq_maggie, uniq_duvessa
Bailey:   bailey_polearm_5, bailey

Skill      XL: |  1  2  3  4  5  6  7  8  9 |
---------------+----------------------------+-----
Long Blades    | 4 5 |  5.1
Armour         | 1 2 3 4 6 |  6.4
Dodging        | 4 5 6 |  6.0
Short Blades   | 1 2 3 6 7 |  7.6
Stealth        | 1 2 3 4 |  4.6
Fighting       | 3 4 5 |  5.3
Shields        | 1 2 4 |  4.6
Evocations     | 1 |  1.2
Throwing       | |  2.3

Action                     |  1- 3 |  4- 6 |  7- 9 | 10-12 || total
---------------------------+-------+-------+-------+-------++-------
  Melee: Long sword        |    65 |    45 |       |       ||   110
         Kick              |    18 |    27 |    98 |       ||   143
         Peck              |    12 |    19 |    66 |       ||    97
         Punch             |     1 |       |       |       ||     1
         Dagger            |       |    85 |   352 |       ||   437
  Throw: Javelin           |     1 |       |       |       ||     1
         Throwing net      |     1 |       |       |       ||     1
  Evoke: Wand              |       |       |     5 |     2 ||     7
    Use: Potion            |     2 |     4 |     7 |     1 ||    14
         Scroll            |     1 |     6 |     2 |       ||     9
   Stab: Sleeping          |     2 |     7 |     1 |       ||    10
         Invisible         |       |       |     3 |       ||     3
 Armour: Leather armour    |    19 |    47 |    43 |       ||   109
         Plate armour      |       |       |   121 |     3 ||   124
  Dodge: Dodged            |    47 |    75 |   198 |     1 ||   321
  Block: Buckler           |       |     2 |    77 |     1 ||    80

Table legend: (Time is in decaauts)
 A = Elapsed time spent in this place.
 B = Non-inter-level travel time spent in this place.
 C = Inter-level travel time spent in this place.
 D = Time resting spent in this place.
 E = Time spent auto-exploring this place.
 F = Levels seen in this place.
 G = Mean time per level.
                   A        B        C        D        E       F      G
               +--------+--------+--------+--------+--------+-----+--------+
         Total |   5744 |   5449 |    295 |    289 |   3498 |   8 |  718.0 |
       Dungeon |   5435 |   5140 |    295 |    289 |   3417 |   7 |  776.4 |
        Bailey |    309 |    309 |      0 |      0 |     81 |   1 |  309.0 |
               +--------+--------+--------+--------+--------+-----+--------+

Top non-repeatable levels by time:
     D:5: 1323 daAuts
     D:2: 928 daAuts
     D:4: 837 daAuts
     D:3: 822 daAuts
     D:1: 821 daAuts
     D:6: 437 daAuts
  Bailey: 309 daAuts
     D:7: 264 daAuts
